 Dungeon Crawl Stone Soup version 0.30-a0-457-g4b7bca3bfa (webtiles) character file.

Game seed: 17987008432098615205

103936 Monkooky the Brawler (level 15, 0/135 (149) HPs)
             Began as a Troll Artificer on Dec 9, 2022.
             Was a High Priest of Ru.
             Shot with a sling bullet by a faun (10 damage)
             ... on level 3 of the Shoals on Dec 12, 2022.
             The game lasted 01:07:38 (23707 turns).

Monkooky the Brawler (Troll Artificer)             Turns: 23707, Time: 01:07:39

HP:   0/135 (149)   AC:  9    Str: 26    XL:     15   Next: 90%
MP:   0/26          EV: 14    Int:  9    God:    Ru [*****.]
Gold: 867           SH:  0    Dex: 18    Spells: 21/31 levels left

rFire   . . .      SeeInvis .      - Unarmed
rCold   . . .      Faith    .    (shield unavailable)
rNeg    . . .      Spirit   +    E - +2 robe {Will+}
rPois   +          Reflect  .    h - +2 hat
rElec   .          Harm     .    x - +0 cloak {rPois}
rCorr   .          Rampage  .    (gloves unavailable)
Will    ++...                    (boots unavailable)
Stlth   +.........               Z - amulet of guardian spirit
HPRegen 1.22/turn                (ring unavailable)
MPRegen 0.20/turn                p - +6 ring of dexterity

@: lit by a corona, exhausted, glowing, drained
A: large, unfitting armour, claws 3, regeneration 1, shaggy fur 1, tough skin 1,
missing a hand, hated by all, no air magic, no hexes magic, no translocations
magic
a: Renounce Religion, Draw Out Power, Power Leap, Apocalypse


You were on level 3 of the Shoals.
You worshipped Ru.
Ru was extremely pleased with you.
You visited 5 branches of the dungeon, and saw 26 of its levels.

You collected 2324 gold pieces.
You spent 1457 gold pieces at shops.

Inventory:

Hand Weapons
 a - a +0 club
Missiles
 o - 2 silver javelins
 r - 17 boomerangs (quivered)
 u - 9 javelins
 P - 2 throwing nets
 S - 12 large rocks
Armour
 h - a +2 hat (worn)
 k - a +1 hat of willpower
 n - a +2 cloak
 x - a +0 cloak of poison resistance (worn)
 E - a +2 robe of willpower (worn)
Jewellery
 p - a +6 ring of dexterity (right claw)
 w - a ring of positive energy
 A - a ring of ice
 F - an amulet of magic regeneration
 U - a +6 ring of dexterity
 Y - a ring of flight
 Z - an amulet of guardian spirit (around neck)
Wands
 c - a wand of flame (51)
 e - a wand of iceblast (3)
 y - a wand of acid (12)
 J - a wand of digging (7)
 L - a wand of mindburst (12)
 R - a wand of roots (10)
Scrolls
 f - 9 scrolls of teleportation
 g - 3 scrolls of immolation
 i - 3 scrolls of enchant armour
 q - 7 scrolls of vulnerability
 t - 3 scrolls of silence
 z - a scroll of amnesia
 D - 2 scrolls of brand weapon
 G - 8 scrolls of poison
 H - 3 scrolls of blinking
 N - a scroll of fear
 V - 2 scrolls of magic mapping
 X - a scroll of enchant weapon
Potions
 b - 6 potions of might
 j - 4 potions of heal wounds
 l - 7 potions of curing
 m - 5 potions of attraction
 v - a potion of magic
 B - 3 potions of cancellation
 C - a potion of haste
 I - 4 potions of flight
 K - 10 potions of ambrosia
 M - 5 potions of mutation
 Q - 2 potions of resistance
 T - 3 potions of berserk rage
 W - a potion of brilliance
Miscellaneous
 d - a lightning rod (4/4)


   Skills:
 - Level 10.0 Fighting
 - Level 11.1 Throwing
 - Level 5.5 Armour
 - Level 7.9 Dodging
 - Level 0.3 Stealth
 - Level 18.0 Unarmed Combat
 - Level 8.6 Spellcasting
 + Level 3.4 Transmutations
 - Level 2.9 Evocations


You had 21 spell levels left.
You knew the following spells:

 Your Spells              Type           Power      Damage    Failure   Level
a - Wereblood             Tmut           10%        N/A       6%          2
b - Passwall              Tmut/Erth      5%         N/A       13%         2
c - Statue Form           Tmut/Erth      4%         N/A       100%        6

Your spell library contained the following spells:

 Spells                   Type           Power      Damage    Failure   Level
 Necrotise                Necr           12%        1d4       17%         1
 Sandblast                Erth           6%         2d5       17%         1
 Sublimation of Blood     Necr           3%         N/A       26%         2
 Spider Form              Tmut/Pois      6%         N/A       26%         3
 Frozen Ramparts          Ice            6%         1d1       45%         3
 Hailstorm                Conj/Ice       3%         3d3       45%         3
 Ice Form                 Ice/Tmut       6%         N/A       63%         4
 Petrify                  Tmut/Erth      6%         N/A       63%         4
 Blade Hands              Tmut           5%         N/A       75%         5
 Iskenderun's Battlesphe  Conj           3%         2d6       99%         5
 Iron Shot                Conj/Erth      1%         9d1       100%        6
 Starburst                Conj/Fire      1%         6d3       100%        6
 Necromutation            Tmut/Necr      3%         N/A       100%        8
 Apportation              Tloc           Unusable   N/A       N/A         1
 Summon Small Mammal      Summ           Unusable   N/A       N/A         1
 Ensorcelled Hibernation  Hex/Ice        Unusable   N/A       N/A         2
 Dazzling Flash           Conj/Hex       Unusable   N/A       N/A         3
 Portal Projectile        Hex/Tloc       Unusable   N/A       N/A         3
 Swiftness                Air            Unusable   N/A       N/A         3
 Tukima's Dance           Hex            Unusable   N/A       N/A         3
 Anguish                  Hex/Necr       Unusable   N/A       N/A         4
 Animate Armour           Summ/Erth      Unusable   N/A       N/A         4
 Iskenderun's Mystic Bla  Conj/Tloc      Unusable   2d3       N/A         4
 Summon Ice Beast         Ice/Summ       Unusable   N/A       N/A         4
 Metabolic Englaciation   Hex/Ice        Unusable   N/A       N/A         5
 Simulacrum               Ice/Necr       Unusable   N/A       N/A         6
 Spellforged Servitor     Conj/Summ      Unusable   N/A       N/A         7
 Summon Hydra             Summ           Unusable   N/A       N/A         7

Dungeon Overview and Level Annotations

Branches:
Dungeon (15/15)            Temple (0/1) D:4            Lair (5/5) D:11
 Shoals (3/4) Lair:2       Spider (1/4) Lair:3        Slime (0/5) Lair:4
    Orc (2/2) D:10            Elf (0/3) Orc:2        Vaults (0/5) D:14
 Depths (0/4) D:15

Altars:
Cheibriados
Dithmenos
Gozag
Kikubaaqudgha
Makhleb
Nemelex Xobeh
Okawaru
Ru
Uskayaw
Wu Jian
Xom

Shops:
Orc:2 [*:*

Annotations:
D:6 3 runed translucent doors, McMuffin's ghost, novice HOFi
D:7 exclusion: downstairs
D:8 exclusion: downstairs
Lair:1 exclusion: oklob plant
Shoals:2 exclusion: downstairs


Innate Abilities, Weirdness & Mutations

You are too large for most types of armour.
You have claws for hands.
Your natural rate of healing is unusually fast.
You are covered in fur. (AC +1)
You have tough skin. (AC +1)
You are missing a hand.
You are hated by all.
You cannot study or cast Air magic.
You cannot study or cast Hexes magic.
You cannot study or cast Translocations magic.


Message History

You feel sick.
The faun shoots a sling bullet.
The sling bullet closely misses you.
Unknown command.
You claw the faun!
The faun is moderately wounded.
You feel sick. The faun hits you with a +0 spear!
* * * LOW HITPOINT WARNING * * *
The faun is stunned by your conviction and fails to attack.
Unknown command.
You eviscerate the faun!!!
You kill the faun!
You completely miss the faun.
You feel sick.
You barely miss the faun.
You feel your willpower return.
You feel sick.
A water nymph comes into view.
You feel sick.
You are no longer poisoned.
Items here: )))) †.
The faun is no longer blind.
The faun shoots a sling bullet.
The sling bullet misses you.
The faun shoots a sling bullet.
The sling bullet hits you!
* * * LOW HITPOINT WARNING * * *
You focus your inner power and illuminate the faun in retribution!
Throw: 17 boomerangs
Press: ? - help, Q - select action, (/) - cycle Shift-Dir - straight line, f/p - faun
Aim: a faun, wielding a +0 sling (softly glowing, 84% to hit)
You throw a boomerang. The boomerang hits the faun!!
The faun is moderately wounded.
The faun shoots a sling bullet.
The sling bullet hits you!!
* * * LOW HITPOINT WARNING * * *
You hear a shout!
Aiming: Iceblast
Press: ? - help, Shift-Dir - straight line, f/p - faun
Aim: a faun, wielding a +0 sling (moderately wounded, softly glowing)
The mass of ice explodes!
The iceblast engulfs the faun!
The faun is severely wounded.
You hear a bellow!
The faun shoots a sling bullet.
The sling bullet hits you!
You die...

~~~~~≈≈≈≈≈~~~~~~~...†..†
~~~~~≈≈≈≈~~~~~))..)....~
~~~~~~~~~~~~~~)...#....~
~~~~~~~~~..~~~.##.##....
~~~~~~~~~c.........†....
~~~~..~~~....~~~........
~~~...~~)†)...m~~~.~...~
.###...##(...~~~~~~....
##..@##.~~~~~~~.~~~~.
~.........~~~~~~~~~~~~~~
~~~~~~.....~~~~~~~~~≈≈~~
~~~~~~..~~~~~~~~~~..~~~~
~~~~~.....~~~~~~~~.
~~~~~~~~..~~~~~~~~
≈~~~~~~~~~~~~~~~~.
≈~~~~~~~~~~~~~~~..
~~≈~~~~~~~~~...


You could see a faun (corona).

Vanquished Creatures
  Gastronok (D:8)
  Polyphemus (Shoals:3)
  Frances (D:14)
  Ilsuiw (Shoals:2)
  A fire giant (D:15)
  An ironbound preserver (D:14)
  5 merfolk javelineers
  A merfolk impaler (Shoals:1)
  Erolcha (D:11)
  A merfolk avatar (Shoals:1)
  5 hydras
  2 catoblepae
  4 boulder beetles
  A death knight (D:14)
  A merfolk aquamancer (Shoals:2)
  2 centaur warriors
  5 two-headed ogres
  Erica (D:10)
  5 death yaks
  2 tengu warriors (D:13)
  3 orc high priests (Orc:2)
  6 sea snakes
  A wizard (D:13)
  10 harpies
  4 orc knights (Orc:2)
  15 ugly things
  An oklob plant (Lair:4)
  4 orc sorcerers (Orc:2)
  15 manticores
  4 cyclopes
  9 fauns
  6 merfolk sirens
  2 black mambas
  2 water nymphs (Shoals:1)
  A black mamba (shapeshifter) (D:14)
  A torpor snail (Lair:4)
  7 cane toads
  2 gargoyles
  5 rime drakes
  Psyche (D:11)
  7 komodo dragons
  An efreet (D:14)
  A freezing wraith (D:14)
  A meliai (shapeshifter) (D:14)
  A queen bee (Lair:2)
  8 polar bears
  3 trolls
  21 merfolk
  A meliai (Lair:3)
  2 wind drakes (Shoals:3)
  5 blink frogs (Lair:3)
  4 hornets (Lair:5)
  5 slime creatures
  A dream sheep (Lair:5)
  8 snapping turtles
  14 spriggans (Lair:5)
  A spriggan (shapeshifter) (D:13)
  5 wraiths
  A shadow (D:13)
  2 wyverns
  A vampire (D:11)
  11 water elementals
  5 basilisks
  40 yaks
  A steam dragon (D:8)
  13 vampire mosquitoes
  17 water moccasins
  Duvessa (D:6)
  4 black bears
  14 orc warriors
  2 sky beasts
  7 ice beasts
  27 wolves
  3 ogres
  4 boggarts (Lair:5)
  12 centaurs
  2 phantoms
  A necrophage (D:8)
  8 bullfrogs
  2 gnoll sergeants
  2 scorpions
  Dowan (D:6)
  34 killer bees
  4 howler monkeys
  6 hounds
  15 orc priests
  Ijyb (D:5)
  2 iguanas
  21 orc wizards
  2 howler monkey zombies (D:9)
  Robin (D:4)
  21 gnolls
  8 adders
  2 shadow imps (D:7)
  A worm (D:3)
  3 dart slugs
  60 orcs
  7 ball pythons
  6 bats
  10 endoplasms
  5 giant cockroaches
  32 hobgoblins
  A jackal (D:3)
  13 kobolds
  6 quokkas
  2 frilled lizards
  46 goblins
  7 rats
727 creatures vanquished.

Vanquished Creatures (others)
  A death yak (Shoals:3)
  A manticore (D:12)
  A faun (Shoals:1)
  A meliai (Spider:1)
  35 fungi
  57 plants
96 creatures vanquished.

Grand Total: 823 creatures vanquished

Notes
Turn   | Place    | Note
-------+----------+-------------------------------------------
     0 | D:1      | Monkooky the Troll Artificer began the quest for the Orb.
     0 | D:1      | Reached XP level 1. HP: 18/18 MP: 0/0
    55 | D:1      | Reached skill level 1 in Unarmed Combat
   102 | D:1      | Reached XP level 2. HP: 26/26 MP: 1/1
   186 | D:1      | Reached skill level 2 in Unarmed Combat
   745 | D:2      | Reached XP level 3. HP: 32/32 MP: 2/2
   777 | D:2      | Reached skill level 3 in Unarmed Combat
  1738 | D:3      | Found a sacrificial altar of Ru.
  1746 | D:3      | Became a worshipper of Ru the Awakened
  1843 | D:3      | Reached XP level 4. HP: 33/40 MP: 3/3
  1850 | D:3      | Reached skill level 4 in Unarmed Combat
  1936 | D:3      | Reached XP level 5. HP: 33/46 MP: 4/4
  2144 | D:3      | Reached skill level 5 in Unarmed Combat
  2298 | D:3      | Found an ancient bone altar of Kikubaaqudgha.
  2301 | D:3      | Found an iron altar of Okawaru.
  2306 | D:3      | Found a snail-covered altar of Cheibriados.
  2791 | D:4      | Noticed Robin
  2831 | D:4      | Killed Robin
  2832 | D:4      | Reached XP level 6. HP: 54/54 MP: 5/5
  2847 | D:4      | Reached skill level 6 in Unarmed Combat
  3016 | D:4      | Noticed a sky beast
  3024 | D:4      | Killed a sky beast
  3029 | D:4      | Gained mutation: You are missing a hand. [Ru sacrifice]
  3029 | D:4      | Reached * piety under Ru
  3029 | D:4      | Reached ** piety under Ru
  3029 | D:4      | Reached *** piety under Ru
  3088 | D:4      | Found a staircase to the Ecumenical Temple.
  3471 | D:4      | Reached skill level 7 in Unarmed Combat
  3572 | D:4      | Reached XP level 7. HP: 61/61 MP: 6/6
  3879 | D:5      | Entered Level 5 of the Dungeon
  4120 | D:5      | Reached skill level 8 in Unarmed Combat
  4499 | D:5      | Noticed Ijyb
  4505 | D:5      | Killed Ijyb
  4902 | D:6      | Reached skill level 9 in Unarmed Combat
  4911 | D:6      | Reached XP level 8. HP: 60/68 MP: 7/7
  5027 | D:6      | Reached skill level 10 in Unarmed Combat
  5223 | D:6      | Gained mutation: You are hated by all. [Ru sacrifice]
  5223 | D:6      | Reached **** piety under Ru
  5228 | D:6      | Noticed Dowan
  5229 | D:6      | Noticed Duvessa
  5247 | D:6      | Killed Duvessa
  5257 | D:6      | Killed Dowan
  5264 | D:6      | Reached skill level 11 in Unarmed Combat
  5389 | D:6      | Found a shimmering altar of Xom.
  5397 | D:6      | Reached skill level 1 in Fighting
  5447 | D:6      | Reached XP level 9. HP: 62/83 MP: 8/8
  5504 | D:6      | Found a runed translucent gate.
  5505 | D:6      | Found a runed translucent gate.
  5505 | D:6      | Found an opulent altar of Gozag.
  5506 | D:6      | Found a runed translucent gate.
  5507 | D:6      | Noticed a deep elf pyromancer
  5507 | D:6      | Noticed a cyclops
  5508 | D:6      | Noticed McMuffin's ghost (novice HOFi)
  5831 | D:7      | Found a burning altar of Makhleb.
  5959 | D:7      | Reached skill level 5 in Fighting
  5961 | D:7      | Found a shadowy altar of Dithmenos.
  6071 | D:7      | Found an opulent altar of Gozag.
  6333 | D:7      | Noticed a +0 hand axe
  6334 | D:7      | Noticed a +0 dagger
  6341 | D:7      | Found a hide-covered altar of Uskayaw.
  6564 | D:8      | Noticed Gastronok
  6989 | D:8      | Killed Gastronok
  6990 | D:8      | Reached XP level 10. HP: 76/106 MP: 9/9
  7647 | D:9      | Gained mutation: You cannot study or cast Air magic. [Ru
                  | sacrifice]
  7647 | D:9      | Gained mutation: You cannot study or cast Hexes magic. [Ru
                  | sacrifice]
  7647 | D:9      | Gained mutation: You cannot study or cast Translocations
                  | magic. [Ru sacrifice]
  7647 | D:9      | Reached ***** piety under Ru
  7726 | D:9      | Noticed a two-headed ogre
  7731 | D:9      | Killed a two-headed ogre
  7732 | D:9      | Reached skill level 10 in Fighting
  8023 | D:10     | Entered Level 10 of the Dungeon
  8035 | D:10     | Reached skill level 1 in Armour
  8156 | D:10     | Noticed Erica
  8164 | D:10     | Noticed a gargoyle
  8169 | D:10     | Killed a gargoyle
  8172 | D:10     | Killed Erica
  8173 | D:10     | Reached XP level 11. HP: 103/117 MP: 1/10
  8177 | D:10     | Noticed a two-headed ogre
  8182 | D:10     | Killed a two-headed ogre
  8328 | D:10     | Reached skill level 5 in Dodging
  8578 | D:10     | Found a staircase to the Orcish Mines.
  8789 | D:11     | Noticed a white ugly thing
  8794 | D:11     | Killed a white ugly thing
  8882 | D:11     | Found a staircase to the Lair.
  8921 | D:11     | Reached skill level 12 in Unarmed Combat
  8999 | D:11     | Noticed a two-headed ogre
  9006 | D:11     | Killed a two-headed ogre
  9079 | D:11     | Noticed Psyche
  9088 | D:11     | Killed Psyche
  9227 | D:11     | Reached skill level 13 in Unarmed Combat
  9395 | D:11     | Got the Reference Book on Solid Forms
  9431 | D:11     | Noticed Erolcha
  9432 | D:11     | Killed Erolcha
  9720 | D:12     | Noticed a boulder beetle
  9798 | Orc:1    | Entered Level 1 of the Orcish Mines
  9798 | Orc:1    | You fall into a shaft and drop 1 floor!
  9798 | Orc:2    | Entered Level 2 of the Orcish Mines
  9798 | Orc:2    | Noticed an orc sorcerer
  9798 | Orc:2    | Noticed an orc high priest
  9798 | Orc:2    | Noticed an orc sorcerer
  9798 | Orc:2    | Noticed an orc high priest
  9798 | Orc:2    | Noticed an orc knight
  9798 | Orc:2    | Noticed an orc knight
  9798 | Orc:2    | Found Uliach's General Store.
  9798 | Orc:2    | Found Adghiymm's Book Shop.
  9799 | Orc:2    | Killed an orc sorcerer
  9799 | Orc:2    | Killed an orc high priest
  9799 | Orc:2    | Killed an orc sorcerer
  9799 | Orc:2    | Killed an orc knight
  9800 | Orc:2    | Reached skill level 14 in Unarmed Combat
  9800 | Orc:2    | Reached XP level 12. HP: 104/126 MP: 2/11
  9800 | Orc:2    | Noticed an orc high priest
  9852 | Orc:2    | Reached skill level 1 in Throwing
  9892 | Orc:2    | Found a staircase to the Elven Halls.
 10287 | Orc:2    | Killed an orc high priest
 10289 | Orc:2    | Killed an orc high priest
 10293 | Orc:2    | Reached skill level 5 in Throwing
 10400 | Orc:2    | Found Vanei's Armour Shoppe.
 10401 | Orc:2    | Found Ingot's General Store.
 10421 | Orc:2    | Bought a scroll of blinking for 97 gold pieces
 10903 | Lair:1   | Entered Level 1 of the Lair of Beasts
 11038 | Lair:1   | Identified the +5 long sword of Gyddoxir {vorpal, Fragile
                  | Fly rCorr SInv}
 11197 | Lair:1   | Found a sparkling altar of Nemelex Xobeh.
 12166 | Lair:2   | Found a staircase to the Shoals.
 12621 | Lair:2   | Reached XP level 13. HP: 106/133 MP: 12/12
 12718 | Lair:2   | Identified the +1 long sword of the Valley of Death {vamp,
                  | rC++ Will+ Int+3}
 13434 | Lair:3   | Reached skill level 10 in Throwing
 13620 | Lair:3   | Found a hole to the Spider Nest.
 13986 | Lair:4   | Found a staircase to the Slime Pits.
 14039 | Lair:4   | Identified the +1 dagger "Nuettel" {drain, rElec rPois
                  | Str+6}
 14394 | Lair:4   | You fall into a shaft and drop 1 floor!
 14394 | Lair:5   | Entered Level 5 of the Lair of Beasts
 14406 | Lair:5   | Reached skill level 15 in Unarmed Combat
 14548 | Lair:5   | Paralysed by a hornet for 2 turns
 14616 | Lair:5   | Reached skill level 16 in Unarmed Combat
 15456 | Lair:5   | Reached XP level 14. HP: 122/143 MP: 13/13
 15751 | Lair:5   | Reached skill level 17 in Unarmed Combat
 16155 | Lair:5   | Identified the +4 triple sword "Qanudautz" {vamp, rElec
                  | rPois rF-}
 17574 | D:13     | Identified the +5 battleaxe "Bempeyd" {venom, *Corrode Fly
                  | Str+3}
 18038 | D:14     | Reached skill level 18 in Unarmed Combat
 18459 | D:14     | Noticed Frances
 18468 | D:14     | Noticed an ironbound preserver
 18473 | D:14     | Killed Frances
 18562 | D:14     | Killed an ironbound preserver
 18585 | D:14     | Reached skill level 5 in Armour
 18774 | D:14     | Found a gate to the Vaults.
 18829 | D:14     | Found an ornate altar of the Wu Jian Council.
 19169 | D:15     | Entered Level 15 of the Dungeon
 19169 | D:15     | Noticed a fire giant
 19169 | D:15     | Found a staircase to the Depths.
 19185 | D:15     | Killed a fire giant
 19598 | Orc:2    | Bought a manual of Spellcasting for 1360 gold pieces
 19946 | D:15     | Found a sacrificial altar of Ru.
 20279 | Shoals:1 | Entered Level 1 of the Shoals
 20296 | Shoals:1 | Reached skill level 1 in Spellcasting
 20434 | Shoals:1 | Reached XP level 15. HP: 136/149 MP: 14/17
 20437 | Shoals:1 | Learned a level 2 spell: Wereblood
 20440 | Shoals:1 | Learned a level 2 spell: Passwall
 20447 | Shoals:1 | Learned a level 6 spell: Statue Form
 20781 | Shoals:1 | Reached skill level 5 in Spellcasting
 22138 | Shoals:2 | Noticed Ilsuiw
 22161 | Shoals:2 | Killed Ilsuiw
 22739 | Shoals:3 | Noticed Polyphemus
 22749 | Shoals:3 | Killed Polyphemus
 22854 | Shoals:2 | Upgraded the game from 0.30-a0-424-g7412bad402 to
                  | 0.30-a0-457-g4b7bca3bfa
 22931 | Spider:1 | Entered Level 1 of the Spider Nest
 23293 | Shoals:3 | Reached skill level 1 in Transmutations
 23707 | Shoals:3 | Shot with a sling bullet by a faun

Illustrated notes

Levels and vault maps discovered:
D:1:      dpeg_arrival_orchard, layout_basic
D:2:      layout_basic, serial_rivers, chequers_serial_rivers_micro_a,
          chequers_serial_rivers_small_3, chequers_serial_rivers_small_3,
          chequers_serial_rivers_room_a
D:3:      minmay_diamond_boxcup, layout_basic, grunt_temple_overflow_diamond,
          mainiacjoe_overflow_cross_hatched
D:4:      minmay_goblin_kobold_castle, layout_cave_pods,
          minmay_temple_entry_waves, uniq_robin
D:5:      layout_basic, sigmund_army, uniq_ijyb
D:6:      layout_basic, xom_teletrap_fun, ebering_ghost_gozag, uniq_duvessa
D:7:      layout_cave_pods, mainiacjoe_overflow_brackets, old_standard_altar,
          mainiacjoe_overflow_small_starburst, dancing_weapons_uskayaw
D:8:      layout_rooms, uniq_gastronok
D:9:      layout_roguey, lemuel_zombie_altar_yredelemnul,
          minmay_misc_feat_pillars, grunt_decor_one_mirror,
          minmay_stone_trees_small
D:10:     layout_rooms, orc_0_dummy, small_statue_intersection, uniq_erica
D:11:     layout_loops_cross, hellmonk_lair_entry_icy, uniq_erolcha, uniq_psyche
D:12:     layout_cave_pools
D:13:     wad_mega_maze, layout_gridville, hangedman_decor_clover_reticule,
          chequers_serial_rivers_micro_c
D:14:     layout_loops_ring, skrybe_vaults_entry_preservation,
          nzn_wu_jian_contemplation, uniq_frances
D:15:     grunt_enter_depths_giant_problem, layout_cave_pools,
          grunt_decor_resistance, hangedman_ru_absence
Lair:1:   layout_layer_cave, lemuel_oklob_altar
Lair:2:   layout_roguey [special_room_bee], shoals_dummy_entry, minivault_27,
          gammafunk_lair_bear_cave
Lair:3:   layout_gridlike, spider_nest_entry_web_field
Lair:4:   layout_regular_city, slime_entry_1, grunt_megastairs_2,
          lemuel_fruit_fields, lemuel_fruit_fields
Lair:5:   minmay_lair_end_enchanted_forest, layout_gridlike
Shoals:1: layout_shoals
Shoals:2: layout_shoals, uniq_ilsuiw
Shoals:3: layout_shoals, nicolae_shoals_c_island, uniq_polyphemus
Spider:1: layout_spider_delve, nicolae_spider_eight_legs, uniq_aizul
Orc:1:    layout_diamond_mine, basic_altar
Orc:2:    st_orc_elflike, layout_caves, basic_altar

Skill      XL: |  1  2  3  4  5  6  7  8  9 10 11 12 13 14 15 |
---------------+----------------------------------------------+-----
Unarmed Combat | 1 2 3 4 5 7 9 11 14 16 18 | 18.0
Fighting       | 3 8 10 | 10.0
Dodging        | 4 5 7 |  7.9
Armour         | 2 3 5 |  5.5
Throwing       | 8 10 11 | 11.1
Spellcasting   | 2 8 |  8.6
Transmutations | 3 |  3.4
Stealth        | |  0.3
Evocations     | |  2.9

Action                   |  1- 3 |  4- 6 |  7- 9 | 10-12 | 13-15 || total
-------------------------+-------+-------+-------+-------+-------++-------
Melee: Unarmed           |   134 |   186 |   364 |   489 |   870 ||  2043
       Punch             |       |     4 |       |       |       ||     4
Throw: Boomerang         |       |       |       |     1 |   377 ||   378
       Large rock        |       |       |       |     2 |     8 ||    10
       Throwing net      |       |       |       |       |     3 ||     3
       Javelin           |       |       |       |       |     1 ||     1
 Cast: Wereblood         |       |       |       |       |     1 ||     1
Invok: Sacrifice a Hand  |       |     1 |       |       |       ||     1
       Sacrifice Love    |       |       |     1 |       |       ||     1
       Draw Out Power    |       |       |     1 |       |     6 ||     7
       Apocalypse        |       |       |       |     6 |     6 ||    12
       Sacrifice Arcana  |       |       |       |     1 |       ||     1
       Power Leap        |       |       |       |     1 |       ||     1
       Reject Sacrifices |       |       |       |     1 |     2 ||     3
Evoke: Wand              |       |     1 |       |     3 |    11 ||    15
       Lightning rod     |       |       |       |       |     8 ||     8
  Use: Scroll            |       |       |     5 |     7 |    16 ||    28
       Potion            |       |       |       |       |     4 ||     4
 Stab: Sleeping          |     3 |     3 |     2 |     1 |     3 ||    12
       Invisible         |       |       |     1 |     9 |     5 ||    15
       Distracted        |       |       |     1 |     3 |     9 ||    13
       Paralysed         |       |       |       |     3 |    20 ||    23
       Held in net/web   |       |       |       |       |     2 ||     2
Armor: Robe              |    72 |    23 |    47 |   172 |   229 ||   543
       Animal skin       |       |    44 |   107 |       |       ||   151
Dodge: Dodged            |    58 |    83 |   177 |   259 |   459 ||  1036

Table legend: (Time is in decaauts)
 A = Elapsed time spent in this place.
 B = Non-inter-level travel time spent in this place.
 C = Inter-level travel time spent in this place.
 D = Time resting spent in this place.
 E = Time spent auto-exploring this place.
 F = Levels seen in this place.
 G = Mean time per level.
                   A        B        C        D        E       F      G
               +--------+--------+--------+--------+--------+-----+--------+
         Total |  23195 |  21513 |   1682 |   1699 |  15298 |  26 |  892.1 |
       Dungeon |  13378 |  12376 |   1002 |    523 |   9381 |  15 |  891.9 |
          Lair |   5610 |   5263 |    347 |    200 |   4061 |   5 | 1122.0 |
        Shoals |   3053 |   2925 |    128 |    916 |   1226 |   3 | 1017.7 |
   Spider Nest |      3 |      3 |      0 |      0 |      0 |   1 |    3.0 |
  Orcish Mines |   1149 |    946 |    203 |     59 |    630 |   2 |  574.5 |
               +--------+--------+--------+--------+--------+-----+--------+

Top non-repeatable levels by time:
Shoals:1: 1571 daAuts
  Lair:3: 1235 daAuts
    D:13: 1216 daAuts
    D:14: 1202 daAuts
Shoals:2: 1183 daAuts
  Lair:5: 1177 daAuts
    D:11: 1176 daAuts
     D:4: 1175 daAuts
  Lair:1: 1083 daAuts
  Lair:2: 1057 daAuts
  Lair:4: 1057 daAuts
     D:3: 1013 daAuts
     D:2: 997 daAuts
   Orc:2: 972 daAuts
     D:5: 923 daAuts
